 Seeded DCSS version 0.28-a0-1555-g9ae15a6949 (webtiles) character file.

Game seed: 14 (custom seed)

29 knot the Chopper (level 3, 29/43 HPs)
             Began as a Demonspawn Berserker on Jan 19, 2022.
             Was a Follower of Trog.
             Quit the game on level 2 of the Dungeon.
             The game lasted 00:01:01 (1176 turns).

knot the Chopper (Demonspawn Berserker)             Turns: 1176, Time: 00:01:02

Health: 29/43      AC:  2    Str: 17    XL:     3   Next: 1%
Magic:  3/3        EV: 12    Int: 10    God:    Trog [*.....]
Gold:   18         SH:  0    Dex: 14    Spells: 2/2 levels left

rFire   . . .      SeeInvis .   a - +0 hand axe
rCold   . . .      Faith    .   (no shield)
rNeg    . . .      Spirit   .   b - +0 animal skin
rPois   .          Reflect  .   (no helmet)
rElec   .          Harm     .   (no cloak)
rCorr   .          Rampage  .   (no gloves)
Will    .....                   (no boots)
Stlth   ..........              (no amulet)
HPRegen 1.14/turn               (no ring)
MPRegen 0.08/turn               (no ring)

@: berserking, very quick
A: thin skeletal structure 1, powered by death 1
a: Renounce Religion, Berserk


You were on level 2 of the Dungeon.
You worshipped Trog.
Trog was aware of your devotion.
You visited 1 branch of the dungeon, and saw 2 of its levels.

You collected 18 gold pieces.

Inventory:

Hand Weapons
 a - a +0 hand axe (weapon)
Missiles
 d - 18 sling bullets
 e - 33 stones (quivered)
Armour
 b - a +0 animal skin (worn)
Jewellery
 f - a ring of fire
Scrolls
 g - a scroll of torment {unknown}
 h - a scroll of identify {unknown}
Potions
 c - a potion of haste {unknown}
 i - a potion of might {unknown}


   Skills:
 - Level 3.0 Fighting
 + Level 3.8 Axes
 - Level 1.7 Armour
 - Level 1.7 Dodging


You had 2 spell levels left.
You didn't know any spells.
Your spell library contained the following spells:

 Spells                   Type           Power      Damage    Failure   Level
 Gell's Gravitas          Tloc           0%         N/A       75%         3
 Teleport Other           Tloc           0%         N/A       75%         3
 Dispersal                Tloc           0%         N/A       100%        6


Dungeon Overview and Level Annotations

Branches:
Dungeon (2/15)

Altars:

Shops:
D:1 [=![


Innate Abilities, Weirdness & Mutations

You have a somewhat thin skeletal structure. (Dex +2, Stealth+)
You regenerate a little health from kills.


Message History

A frilled lizard, a jackal and a worm come into view.
You hear a bark!
The frilled lizard hisses angrily.
A bat comes into view.
A jackal comes into view.
There are monsters nearby!
You hit the jackal.
You kill the jackal!
Trog accepts your kill.
A jackal comes into view.
The bat barely misses you.
There is a large open door, spattered with blood here.
You see here a jackal corpse.
The jackal barks!
You hit the worm but do no damage. The bat closely misses you.
The worm closely misses you.
You closely miss the jackal. You barely miss the worm.
You hit the jackal but do no damage. The bat barely misses you.
The jackal barely misses you. x2; The worm bites you!
A red film seems to cover your vision as you go berserk!
You feel yourself moving faster!
You feel mighty! The bat completely misses you. The jackal misses you.
The jackal bites you but does no damage.
The jackal barely misses you.
You closely miss the jackal. You miss the bat. You slash the jackal!
You kill the jackal!
Trog accepts your kill.
You slash the worm! The bat closely misses you. The jackal closely misses you.
The worm bites you.
You hit the worm.
The worm is severely wounded.
You hit the jackal.
You kill the jackal!
Trog accepts your kill.
You closely miss the frilled lizard. The bat closely misses you. x2
The frilled lizard barely misses you.
You have reached level 3!
Your experience leads to an increase in your attributes!
Increase (S)trength, (I)ntelligence, or (D)exterity?
You feel clever. x2; Your demonic ancestry asserts itself...
Your bones become slightly less dense.
Are you sure you want to abandon this character and quit the game? (Confirm with "yes".)

#...# ## ...#
#...####<..
....##........#
.....##..####.#
......##....#.#
.......#....#.#
.......#......#
......†#b######
......w@......#
......l'.####.#
.......###
....... .......
......# .....#
....#


You could see a worm, a bat and a frilled lizard.

Vanquished Creatures
  A dart slug (D:1)
  2 ball pythons (D:1)
  4 bats (D:1)
  3 goblins (D:1)
  7 jackals
  A quokka (D:1)
  3 kobolds (D:1)
  A rat (D:1)
22 creatures vanquished.

Notes
Turn   | Place    | Note
-------+----------+-------------------------------------------
     0 | D:1      | knot the Demonspawn Berserker began the quest for the Orb.
     0 | D:1      | Reached XP level 1. HP: 18/18 MP: 1/1
    57 | D:1      | Found Iluaf's Armour Boutique.
   320 | D:1      | Gained mutation: You regenerate a little health from kills.
                  | [demonic ancestry]
   320 | D:1      | Reached XP level 2. HP: 23/24 MP: 2/2
   334 | D:1      | Found Pacsazem's Distillery.
   408 | D:1      | Found Amomp's Jewellery Shoppe.
   654 | D:1      | Found Qaqoowocs's Antique Armour Emporium.
   901 | D:1      | Found a faded altar of an unknown god.
  1176 | D:2      | Gained mutation: You have a somewhat thin skeletal
                  | structure. (Dex +2, Stealth+) [demonic ancestry]
  1176 | D:2      | Reached XP level 3. HP: 29/29 MP: 3/3
  1176 | D:2      | Quit the game

Illustrated notes

Levels and vault maps discovered:
D:1:      matt_arrival_grand_opening, layout_basic, serial_shops,
          nicolae_shop_trees, nicolae_square_shop, nicolae_shop_hallway_stairs,
          nicolae_shop_behind_doors, shapermc_ecumenical_altar_hornbeckon
D:2:      kennysheep_big_flooded_room, layout_basic, basic_altar,
          hangedman_decor_diamond_cutter

Skill      XL: |  1 |
---------------+----+-----
Axes           | 3 |  3.8
Fighting       | |  3.0
Armour         | |  1.7
Dodging        | |  1.7

Action                   || total
-------------------------++-------
Melee: Hand axe          ||    56
       Punch             ||     2
Invok: Berserk           ||     2
 Stab: Sleeping          ||     1
Armor: Animal skin       ||    11
Dodge: Dodged            ||    46

Table legend: (Time is in decaauts)
 A = Elapsed time spent in this place.
 B = Non-inter-level travel time spent in this place.
 C = Inter-level travel time spent in this place.
 D = Time resting spent in this place.
 E = Time spent auto-exploring this place.
 F = Levels seen in this place.
 G = Mean time per level.
                   A        B        C        D        E       F      G
               +--------+--------+--------+--------+--------+-----+--------+
         Total |   1196 |   1175 |     21 |    152 |    886 |   2 |  598.0 |
       Dungeon |   1196 |   1175 |     21 |    152 |    886 |   2 |  598.0 |
               +--------+--------+--------+--------+--------+-----+--------+

Top non-repeatable levels by time:
     D:1: 1152 daAuts
     D:2: 43 daAuts
